 Dungeon Crawl Stone Soup version 0.11.3 (console) character file.

336 Lightli the Changer (level 5, 0/29 HPs)
             Began as a Deep Elf Stalker on July 4, 2022.
             Killed by divine providence
             ... invoked by an orc priest
              (9 damage)
             ... on Level 3 of the Dungeon.
             The game lasted 00:08:12 (3517 turns).

Lightli the Changer (Deep Elf Stalker)              Turns: 3517, Time: 00:08:12

HP   0/29        AC  6     Str  7      XL: 5   Next: 83%
MP   7/13        EV 13     Int 18      God:
Gold 94          SH  0     Dex 16      Spells:  3 memorised,  3 levels left

Res.Fire  : . . .   See Invis. : .   a - +2 elf dagger (curse) {=f}
Res.Cold  : . . .   Warding    : .   b - +0 elf robe
Life Prot.: . . .   Conserve   : .   (no shield)
Res.Poison: .       Res.Corr.  : .   (no helmet)
Res.Elec. : .       Clarity    : .   c - +0 elf cloak
Sust.Abil.: . .     Spirit.Shd : .   l - +2 pair of gloves
Res.Mut.  : .       Stasis     : .   (no boots)
Res.Rott. : .       Ctrl.Telep.: .   (no amulet)
Saprovore : . . .   Levitation : .   (no ring) Ctrl.Flight: .
                                     (no ring)

@: very slightly contaminated, slightly resistant to hostile enchantments,
stealthy
A: no striking features
a: no special abilities


You were on level 3 of the Dungeon.
You were not hungry.

You visited 1 branch of the dungeon, and saw 3 of its levels.

You collected 74 gold pieces.

Inventory:

Hand weapons
 a - a cursed +2,+2 elven dagger (weapon) {=f}
 m - a +2,+1 elven dagger of electrocution (quivered)
 o - a +2,+1 whip of venom
Armour
 b - a +0 elven robe (worn)
 c - a +0 elven cloak (worn)
 l - a +2 pair of gloves (worn)
Comestibles
 f - 2 bread rations
 h - a meat ration
 i - 14 strawberries
 q - a chunk of quokka flesh
Scrolls
 g - a scroll of teleportation
Potions
 e - 8 potions of confusion
 j - 2 potions of curing
 k - a potion of might
 n - a potion of speed
 p - a potion of resistance {unknown}
Books
 d - a book of Stalking

   Spells                             Type                      Level
   *Fulsome Distillation              Transmutation/Necromancy     1
   *Evaporate                         Fire/Transmutation           2
   Passwall                           Transmutation/Earth          3
   *Petrify                           Transmutation/Earth          4
   Dig                                Transmutation/Earth          4


   Skills:
 - Level 0.7 Fighting
 - Level 1.0 Short Blades
 - Level 2.4 Dodging
 - Level 2.4 Stealth
 - Level 2.1 Stabbing
 - Level 3.0 Spellcasting
 - Level 5.3 Transmutations
 + Level 2.9 Earth Magic


You had 3 spell levels left.
You knew the following spells:

 Your Spells              Type           Power        Failure   Level  Hunger
a - Fulsome Distillation  Trmt/Necr      N/A          8%          1    None
b - Evaporate             Fire/Trmt      ###....      12%         2    ##.....
c - Petrify               Trmt/Erth      ####.....    34%         4    ####...


Dungeon Overview and Level Annotations

Branches:
Dungeon (3/27)

Altars:
Ashenzari
Cheibriados
Makhleb
Zin


Message History

The orc wizard is almost dead.
You hit the orc wizard.
The orc wizard is almost dead.
The orc priest's eyes start to glow.
You hit the orc wizard but do no damage.
The orc wizard is almost dead.
You hit the orc wizard.
You kill the orc wizard!
Casting: Petrify
Confirm with . or Enter, or press ? or * to list all spells.
Aiming: Petrify
Press: ? - help, Shift-Dir - straight line, f - orc
Aim: an orc, wielding an orcish morningstar You miscast Petrify.
You are very lightly contaminated with residual magic.
You feel a surge of energy from the ground.
The orc hits you with an orcish morningstar!
The orc priest calls down the wrath of Beogh upon you.
Something smites you!
You die...

#......######.###
#......# #.#
#......#### #.#####
####'#....# #......
#.####'#########
#.#.......####..
#.#.⌠...⌠.#....#
########.......##.###
#.oo@..'...⌠...'..#
#.######.......####
#.⌠...⌠.# #.......#
####+####
####..#.#######
................
#######.#######
#.###<#


You could see an orc priest and an orc.

Vanquished Creatures
  A giant frog (D:3)
  An orc wizard (D:3)
  8 gnolls (D:3)
  2 adders (D:3)
  A giant mite (D:3)
  A worm (D:3)
  An orc (D:3)
  2 ball pythons
  3 bats
  2 giant cockroaches
  9 goblins
  4 hobgoblins
  2 kobolds
  2 oozes
  6 giant newts
  5 jackals
  3 quokkas
  8 rats
  A toadstool (D:3)
62 creatures vanquished.

Vanquished Creatures (others)
  An elf (D:3)
  2 humans (D:3)
  4 orcs (D:3)
  2 goblins
  A kobold (D:3)
10 creatures vanquished.

Grand Total: 72 creatures vanquished

Notes
Turn   | Place    | Note
--------------------------------------------------------------
     0 | D:1      | Lightli, the Deep Elf Stalker, began the quest for the Orb.
     0 | D:1      | Reached XP level 1. HP: 12/12 MP: 2/2
   310 | D:1      | Reached XP level 2. HP: 10/16 MP: 5/5
   365 | D:1      | Reached skill level 3 in Spellcasting
   375 | D:1      | Learned a level 2 spell: Evaporate
  1921 | D:2      | Found a glowing silver altar of Zin.
  2126 | D:3      | Reached XP level 3. HP: 20/20 MP: 4/8
  2196 | D:3      | Noticed a giant frog
  2204 | D:3      | Killed a giant frog
  2204 | D:3      | Reached skill level 4 in Transmutations
  2204 | D:3      | Reached XP level 4. HP: 12/25 MP: 8/11
  2481 | D:3      | Noticed a human
  2483 | D:3      | Found a snail-covered altar of Cheibriados.
  2489 | D:3      | Killed a human
  2532 | D:3      | Reached skill level 5 in Transmutations
  2540 | D:3      | Reached XP level 5. HP: 27/29 MP: 8/13
  2563 | D:3      | Learned a level 4 spell: Petrify
  2599 | D:3      | Reached skill level 1 in Earth Magic
  3254 | D:3      | Found a burning altar of Makhleb.
  3254 | D:3      | Noticed an elf
  3256 | D:3      | Killed an elf
  3302 | D:3      | Found a shattered altar of Ashenzari.
  3309 | D:3      | Saw a vision of the Shoals and the Spider Nest.
  3309 | D:3      | Noticed a sea snake
  3309 | D:3      | Noticed a mermaid
  3309 | D:3      | Noticed a merfolk
  3309 | D:3      | Noticed a merfolk
  3309 | D:3      | Noticed a merfolk
  3309 | D:3      | Noticed a merfolk
  3309 | D:3      | Noticed a merfolk
  3310 | D:3      | Noticed a trapdoor spider
  3312 | D:3      | Noticed a redback
  3312 | D:3      | Noticed a redback
  3314 | D:3      | Noticed a redback
  3317 | D:3      | Noticed a trapdoor spider
  3318 | D:3      | Noticed a trapdoor spider
  3517 | D:3      | Killed from afar by an orc priest
